 Dungeon Crawl Stone Soup version 0.20.0-15-g7f486f2 (webtiles) character file.

381 Jannitor the Chiller (level 6, -1/50 HPs)
             Began as a Naga Ice Elementalist on June 11, 2017.
             Slain by an ogre
             ... wielding a +0 giant club
              (26 damage)
             ... on level 4 of the Dungeon on June 13, 2017.
             The game lasted 00:05:39 (3879 turns).

Jannitor the Chiller (Naga Ice Elementalist)        Turns: 3879, Time: 00:05:40

Health: -1/50      AC:  3    Str:  8 (11) XL:     6   Next: 75%
Magic:  2/9        EV: 10    Int: 15 (17) God:
Gold:   171        SH:  0    Dex: 10 (11) Spells: 4/9 levels left

rFire    . . .     SeeInvis +   e - +4 hand axe
rCold    . . .     Gourm    .   (no shield)
rNeg     . . .     Faith    .   a - +0 robe
rPois    +         Spirit   .   (no helmet)
rElec    .         Reflect  .   (no cloak)
rCorr    .         Harm     .   (no gloves)
MR       .....                  (no barding)
Stlth    ++........             (no amulet)
Regen    0.2/turn               (no ring)
MPRegen  0.2/turn               (no ring)

@: very slow
A: see invisible, deformed body, poison resistance, slowness 2, slow metabolism
1, spit poison 1, AC +2
a: Spit Poison


You were on level 4 of the Dungeon.
You were hungry.

You visited 1 branch of the dungeon, and saw 4 of its levels.

You collected 171 gold pieces.

Inventory:

Hand Weapons
 e - a +4 hand axe (weapon)
Armour
 a - a +0 robe (worn)
Jewellery
 m - an uncursed ring of resist corrosion {unknown}
Wands
 r - a wand of random effects (29/48)
 w - a wand of confusion (12/48)
 x - a wand of lightning (7/15)
 y - a wand of digging (11/24)
Scrolls
 d - a scroll of fog {unknown}
 i - 2 scrolls of identify
 j - a scroll of enchant armour {unknown}
 l - 2 scrolls of immolation {unknown}
 n - a scroll of magic mapping
 o - a scroll of remove curse {unknown}
 p - a scroll of teleportation {unknown}
 q - 2 scrolls of recharging {unknown}
 s - 2 scrolls of amnesia {unknown}
Potions
 f - a potion of lignification
Books
 b - a book of Frost

   Spells                             Type                      Level
   a - Freeze                         Ice                          1
   b - Throw Frost                    Conjuration/Ice              2
   c - Ozocubu's Armour               Charms/Ice                   3
   d - Throw Icicle                   Conjuration/Ice              4
   e - Summon Ice Beast               Ice/Summoning                4
Comestibles
 c - 3 bread rations
 h - 2 fruits
 u - 3 meat rations


   Skills:
 + Level 0.4 Fighting
 - Level 1.5 Dodging
 - Level 3.0 Stealth
 + Level 2.1 Spellcasting
 - Level 1.0 Conjurations
 + Level 7.3 Ice Magic


You had 4 spell levels left.
You knew the following spells:

 Your Spells              Type           Power        Failure   Level  Hunger
a - Freeze                Ice            ###.         1%          1    #......
b - Throw Icicle          Conj/Ice       ##......     36%         4    #####..


Dungeon Overview and Level Annotations

Branches:
Dungeon (4/15)
 Temple: D:4-7

Altars:
Ashenzari
The Shining One

Shops:
D:4 (


Innate Abilities, Weirdness & Mutations

You cannot wear boots.
Your serpentine skin is tough. (AC +2)
You have supernaturally acute eyesight. (SInv)
Armour fits poorly on your strangely shaped body.
Your system is resistant to poisons. (rPois)
You cover ground very slowly.
You have a slow metabolism.
You can spit poison.


Message History

The ogre is heavily wounded.
The ogre hits you with a giant club.
Casting: Freeze
Confirm with . or Enter, or press ? or * to list all spells.
Aiming: Freeze
Press: ? - help, Shift-Dir - straight line, f/p - ogre
Aim: an ogre, wielding a giant club (heavily wounded)
You freeze the ogre.
The ogre is severely wounded.
The ogre barely misses you.
Casting: Freeze
Confirm with . or Enter, or press ? or * to list all spells.
Aiming: Freeze
Press: ? - help, Shift-Dir - straight line, f/p - ogre
Aim: an ogre, wielding a giant club (severely wounded)
You freeze the ogre.
The ogre is almost dead.
The ogre hits you with a giant club!!
Ouch! That really hurt!
You die...

..# #.# #######.#.#. ..##
#####.####### ########.#.## ..)#
#...........####........#.#
.#)###.....................###.#
.#..##.....................# #.#
.##.##.....................# .#
.##..#.....................#
.###.#).....(.........)....#
.###...........O@..........#
.)....####.######..........#
####..## #.# #..........#
...#)))# #.# #####.######
.....#)###.# #.# ##.###..##.#
##.##### ...........# #......#
##.####.##.###### #......#
#.#.......#....# #...)..#


You could see an ogre.

Vanquished Creatures
  An ogre (D:4)
  A hound (D:4)
  An orc priest (D:4)
  Natasha (thrice) (D:3)
  A worker ant (D:4)
  3 gnolls (D:4)
  4 adders
  2 oozes (D:2)
  2 dart slugs
  4 orcs (D:4)
  A ball python (D:1)
  7 bats
  2 giant cockroaches
  7 goblins
  7 hobgoblins
  7 jackals (D:1)
  A quokka (D:3)
  A frilled lizard (D:4)
  3 kobolds
  7 rats
65 creatures vanquished.

Notes
Turn   | Place    | Note
-------+----------+-------------------------------------------
     0 | D:1      | Jannitor the Naga Ice Elementalist began the quest for the Orb.
     0 | D:1      | Reached XP level 1. HP: 15/15 MP: 3/3
   558 | D:1      | Reached XP level 2. HP: 9/22 MP: 0/5
   921 | D:1      | Reached skill level 4 in Ice Magic
  1054 | D:1      | Reached XP level 3. HP: 11/28 MP: 0/6
  1941 | D:2      | Found a shattered altar of Ashenzari.
  1946 | D:2      | Reached XP level 4. HP: 26/36 MP: 4/7
  2178 | D:2      | Reached skill level 5 in Ice Magic
  2567 | D:3      | Noticed Natasha
  2570 | D:3      | Killed Natasha
  2776 | D:3      | Noticed Natasha
  2786 | D:3      | Killed Natasha
  2786 | D:3      | Reached XP level 5. HP: 19/42 MP: 1/8
  2837 | D:3      | Noticed Natasha
  2845 | D:3      | Killed Natasha
  3132 | D:3      | Reached skill level 6 in Ice Magic
  3156 | D:3      | Found a glowing golden altar of the Shining One.
  3421 | D:4      | Found Ikola's Antique Weapon Shop.
  3423 | D:4      | Noticed an ogre
  3437 | D:4      | Killed an ogre
  3437 | D:4      | Reached XP level 6. HP: 49/49 MP: 2/9
  3527 | D:4      | Reached skill level 7 in Ice Magic
  3541 | D:4      | Learned a level 4 spell: Throw Icicle
  3879 | D:4      | Slain by an ogre

Skill      XL: |  1  2  3  4  5  6 |
---------------+-------------------+-----
Ice Magic      | 4 5 6 7 |  7.3
Fighting       | |  0.4
Dodging        | |  1.5
Stealth        | |  3.0
Spellcasting   | |  2.1
Conjurations   | |  1.0

Action                   |  1- 3 |  4- 6 || total
-------------------------+-------+-------++-------
Melee: Unarmed           |    14 |       ||    14
       Hand axe          |    22 |    10 ||    32
 Cast: Freeze            |    49 |    73 ||   122
  Use: Potion            |     1 |     5 ||     6
       Scroll            |       |     1 ||     1
 Stab: Sleeping          |       |     1 ||     1
  Eat: Chunk             |     3 |     5 ||     8
Armor: Robe              |    29 |     6 ||    35
       Skin              |     6 |    18 ||    24
Dodge: Dodged            |    56 |    33 ||    89
